 Dungeon Crawl Stone Soup version 0.27-a0-1136-g0b992a5a9d (webtiles) character file.

Game seed: 7232457717403984996

16 1player the Chiller (level 2, -3/20 HPs)
             Began as a Ghoul Ice Elementalist on May 4, 2021.
             Slain by a gnoll
             ... wielding a +0 flail
              (8 damage)
             ... on level 1 of the Dungeon.
             The game lasted 00:01:42 (992 turns).

1player the Chiller (Ghoul Ice Elementalist)         Turns: 992, Time: 00:01:42

Health: -3/20      AC:  3    Str: 11    XL:     2   Next: 54%
Magic:  3/3        EV: 11    Int: 10    God:
Gold:   0          SH:  0    Dex:  9    Spells: 3/4 levels left

rFire    . . .     SeeInvis .   (no weapon)
rCold    + . .     Faith    .   (no shield)
rNeg     + + +     Spirit   .   f - +0 leather armour
rPois    ∞         Reflect  .   (no helmet)
rElec    .         Harm     .   (no cloak)
rCorr    .         Rampage  .   (no gloves)
Will     .....                  (no boots)
Stlth    +.........             (no amulet)
HPRegen  0.00/turn              (no ring)
MPRegen  0.08/turn              (no ring)

@: no status effects
A: claws 1, cold resistance 1, negative energy resistance 3, inhibited
regeneration, torment resistance 2, unbreathing 1
a: no special abilities


You were on level 1 of the Dungeon.
You visited 1 branch of the dungeon, and saw 2 of its levels.

Inventory:

Armour
 a - a +0 robe
 f - a +0 leather armour (worn)
Scrolls
 b - a scroll of identify {unknown}
 d - a scroll of enchant weapon {unknown}
 e - a scroll of immolation {unknown}
Potions
 c - a potion of lignification {unknown}


   Skills:
 - Level 1.7 Dodging
 - Level 2.1 Stealth
 - Level 1.7 Spellcasting
 + Level 5.1 Ice Magic


You had 3 spell levels left.
You knew the following spells:

 Your Spells              Type           Power      Damage    Failure   Level
q - Freeze                Ice            44%        1d6       4%          1

Your spell library contained the following spells:

 Spells                   Type           Power      Damage    Failure   Level
 Frozen Ramparts          Ice            22%        1d4       16%         3
 Ozocubu's Armour         Ice            11%        N/A       16%         3
 Hailstorm                Conj/Ice       6%         3d4       82%         4
 Metabolic Englaciation   Hex/Ice        3%         N/A       99%         5


Dungeon Overview and Level Annotations

Branches:
Dungeon (2/15)

Altars:


Innate Abilities, Weirdness & Mutations

You thrive by killing the living.
You are immune to poison.
You have sharp fingernails.
Your flesh is cold resistant. (rC+)
You are immune to negative energy. (rN+++)
You do not regenerate when monsters are visible.
You are immune to unholy pain and torment.
You can survive without breathing.


Message History

Confirm with . or Enter, or press ? or * to list all spells.
Aiming: Freeze (safe; 3% risk of failure)
Press: ? - help, Shift-Dir - straight line, f/p - rat
Aim: a rat (heavily wounded)
You freeze the rat.
You kill the rat!
You feel better.
Things that are here:
a +0 dagger; a rat corpse
There is a stone staircase leading up here.
You start resting.
Magic restored.
HP restored.
Things that are here:
a +0 dagger; a rat corpse
Found 4 gold pieces.
Found a leather armour.
You see here a +0 leather armour.
f - a +0 leather armour You start removing your armour.
You continue taking off your +0 robe. x4
You finish taking off your +0 robe.
You start putting on your armour.
You continue putting on your +0 leather armour. x5
You finish putting on your +0 leather armour.
There is a stone staircase leading up here.
You climb upwards.
The gnoll closely misses you. The gnoll hits you with a +0 flail.
There is a stone staircase leading down here.
Casting: Freeze (safe; 4% risk of failure)
Confirm with . or Enter, or press ? or * to list all spells.
Aiming: Freeze (safe; 4% risk of failure)
Press: ? - help, Shift-Dir - straight line, f - gnoll
Aim: a gnoll, wielding a +0 flail You freeze the gnoll.
The gnoll is lightly wounded.
The gnoll hits you with a +0 flail!
Ouch! That really hurt!
* * * LOW HITPOINT WARNING * * *
The gnoll hits you with a +0 flail!
You die...

...
.......##.####.##..##.####
....... #..##.....## ##...
....... ##.##.....# ##.###
.... #.......#.# #.##..
..... #.......#.# #.#.##
..... #.........# #.#≈#<
...... #.........# #.#.##
......##.......#.# #.##..
........@........# ##.###
....###g###......## ##...
. #...####......## ####
#........>.....##
#...####._..##..#####
#...# #....###......
#...####....#########
#...##..............†
#...##.............##


You could see a gnoll.

Vanquished Creatures
  2 bats (D:1)
  3 endoplasms (D:1)
  A goblin (D:2)
  2 hobgoblins (D:1)
  2 quokkas (D:1)
  A frilled lizard (D:1)
  2 rats
13 creatures vanquished.

Notes
Turn   | Place    | Note
-------+----------+-------------------------------------------
     0 | D:1      | 1player the Ghoul Ice Elementalist began the quest for the
                  | Orb.
     0 | D:1      | Reached XP level 1. HP: 14/14 MP: 2/2
   278 | D:1      | Found a faded altar of an unknown god.
   288 | D:1      | Reached XP level 2. HP: 20/20 MP: 1/3
   492 | D:1      | Reached skill level 5 in Ice Magic
   992 | D:1      | Slain by a gnoll

Illustrated notes

Levels and vault maps discovered:
D:1:      evilmike_arrival_rings, layout_basic, basic_ecumenical_altar,
          chequers_serial_rivers_room_b
D:2:      minmay_angry_zag, layout_loops_cross, basic_altar

Skill      XL: |  1  2 |
---------------+-------+-----
Ice Magic      | 5 |  5.1
Dodging        | |  1.7
Stealth        | |  2.1
Spellcasting   | |  1.7

Action                   || total
-------------------------++-------
Melee: Unarmed           ||    14
 Cast: Freeze            ||    26
Armor: Robe              ||     8
Dodge: Dodged            ||    29

Table legend: (Time is in decaauts)
 A = Elapsed time spent in this place.
 B = Non-inter-level travel time spent in this place.
 C = Inter-level travel time spent in this place.
 D = Time resting spent in this place.
 E = Time spent auto-exploring this place.
 F = Levels seen in this place.
 G = Mean time per level.
                   A        B        C        D        E       F      G
               +--------+--------+--------+--------+--------+-----+--------+
         Total |    993 |    993 |      0 |    571 |    139 |   2 |  496.5 |
       Dungeon |    993 |    993 |      0 |    571 |    139 |   2 |  496.5 |
               +--------+--------+--------+--------+--------+-----+--------+

Top non-repeatable levels by time:
     D:1: 643 daAuts
     D:2: 350 daAuts
